 Dungeon Sprint DCSS version 0.30-a0-643-g638baaf3f0 (webtiles) character file.

Game seed: 14136193148143064967

3200000 Oxelix the Conqueror (level 19, -29/207 HPs)
             Began as a Hill Orc Berserker on Jan 16, 2023.
             Was a High Priest of Trog.
             Annihilated by a meat berserker
             ... wielding a +9 battleaxe
              (47 damage)
             ... in the Dungeon (Sprint VIII: "Arena of Blood").
             The game lasted 00:02:11 (32 turns).

Oxelix the Conqueror (Hill Orc Berserker)             Turns: 32, Time: 00:02:11

Health: -29/207    AC:  4    Str: 28    XL:     19   Next: 5%
Magic:  17/36      EV: 22    Int:  7    God:    Trog [*****.]
Gold:   0          SH:  0    Dex: 10    Spells: 18/18 levels left

rFire   . . .      SeeInvis .    i - +∞ Axe of Woe
rCold   . . .      Faith    .    (shield currently unavailable)
rNeg    . . .      Spirit   .    b - +0 animal skin
rPois   .          Reflect  .    (no helmet)
rElec   .          Harm     .    (no cloak)
rCorr   .          Rampage  .    (no gloves)
Will    +++..      NoTele   +    (no boots)
Stlth   +++++++++                (no amulet)
HPRegen 1.54/turn                (no ring)
MPRegen 0.25/turn                (no ring)

@: strong-willed, regenerating
A: no striking features
a: Renounce Religion, Berserk, Trog's Hand, Brothers in Arms


You were in the Dungeon.
You worshipped Trog.
Trog was extremely pleased with you.
You visited 1 branch

Inventory:

Hand Weapons
 a - a +0 hand axe
 i - the +∞ Axe of Woe (weapon)
   (You found it in the Dungeon)
Armour
 b - a +0 animal skin (worn)
Scrolls
 h - a scroll of blinking
Potions
 c - a potion of curing
 d - a potion of heal wounds
 e - a potion of haste
 f - 2 potions of magic
 g - a potion of berserk rage


   Skills:
 O Level 27 Fighting
 + Level 4.2(5.1) Short Blades
 + Level 4.7(5.6) Long Blades
 O Level 27 Axes
 + Level 4.7(16.3) Maces & Flails
 + Level 4.7(16.3) Polearms
 + Level 3.8(5.3) Staves
 + Level 3.9 Ranged Weapons
 + Level 3.8 Throwing
 O Level 27 Armour
 O Level 27 Dodging
 O Level 27 Stealth
 + Level 4.7 Shields
 + Level 4.7 Unarmed Combat
 O Level 27 Invocations
 + Level 4.2 Evocations


You had 18 spell levels left.
You didn't know any spells.
Your spell library was empty.

Dungeon Overview and Level Annotations

Branches:
Dungeon (1/1)

Altars:
Makhleb


Message History

Your Unarmed Combat skill gained 2 levels and is now at level 2!
Your Evocations skill gained 2 levels and is now at level 2!
Okay, then.
You slash the bag of meat!
You dissect the bag of meat like a pig carcass.
You kill the bag of meat!
Trog accepts your kill. Trog grants you a weapon!
Something appears at your feet!
You see here a +3 antimagic war axe.
You are engulfed in blazing flames.
* * * LOW HITPOINT WARNING * * *
You hear a shout! x2
A meat berserker comes into view. It is wielding a +9 battleaxe.
You hear a shout!
The destroyer gestures at you while chanting.
The destroyer blinks!
You hear a shout! x2
A large bag of meat comes into view. It is wielding a +9 giant spiked club.
You hear a shout!
Your base Short Blades skill gained 2 levels and is now at level 4!
Your base Long Blades skill gained 2 levels and is now at level 4!
Your base Maces & Flails skill gained 2 levels and is now at level 4!
Your base Polearms skill gained 2 levels and is now at level 4!
Your base Staves skill increases to level 3!
Your Ranged Weapons skill increases to level 3!
Your Throwing skill increases to level 3!
Your Shields skill gained 2 levels and is now at level 4!
Your Unarmed Combat skill gained 2 levels and is now at level 4!
Your Evocations skill gained 2 levels and is now at level 4!
You have reached level 19!
Your skin crawls.
You feel strong-willed.
You are engulfed in blazing flames.
* * * LOW HITPOINT WARNING * * *
You hear a shout! x6
A bag of meat comes into view. It is wielding a +9 war axe.
You hear a shout! x3
The meat berserker is engulfed in blazing flames.
The meat berserker hits you with a +9 battleaxe!!!
You die...

........... ...
..... #.. ....# .
#.. ...# O.
..###.. ...###.O.
.......###V...V...
........_§°O......
#..)§@# #_)<.o#
#...).#
......_..§.....
.....§###Oo.....
..###.. oo.###O. .
#.. ...# . #..
.o.# ... ...


You could see 2 destroyers, 2 large bags of meat, 2 meat berserkers and 5 bags
of meat.

Vanquished Creatures
  12 ogres (D)
  A two-headed ogre (D)
  7 orcs (D)
20 creatures vanquished.

Notes
Turn   | Place    | Note
-------+----------+-------------------------------------------
     0 | D        | Found the +∞ Axe of Woe
     0 | D        | Oxelix the Hill Orc Berserker began the quest for the Orb.
     0 | D        | Reached XP level 1. HP: 19/19 MP: 1/1
     2 | D        | Noticed a meat berserker
     4 | D        | Noticed a bag of meat
     5 | D        | Noticed a meat berserker
     5 | D        | Noticed a meat berserker
     5 | D        | Killed a meat berserker
     5 | D        | Noticed a meat berserker
     6 | D        | Reached skill level 15 in Armour
     6 | D        | Reached XP level 2. HP: 50/50 MP: 2/2
     6 | D        | Reached XP level 3. HP: 57/57 MP: 3/3
     6 | D        | Reached XP level 4. HP: 64/64 MP: 4/4
     6 | D        | Reached XP level 5. HP: 71/71 MP: 5/5
     6 | D        | Reached XP level 6. HP: 80/80 MP: 6/6
     6 | D        | Reached XP level 7. HP: 86/86 MP: 7/7
     6 | D        | Reached XP level 8. HP: 94/94 MP: 8/8
     6 | D        | Reached XP level 9. HP: 101/101 MP: 9/9
     6 | D        | Reached XP level 10. HP: 108/108 MP: 10/10
     6 | D        | Reached XP level 11. HP: 115/115 MP: 11/11
     6 | D        | Reached XP level 12. HP: 124/124 MP: 12/12
     7 | D        | Killed a meat berserker
     7 | D        | Reached ** piety under Trog
     8 | D        | Reached skill level 15 in Dodging
     8 | D        | Reached XP level 13. HP: 87/141 MP: 13/13
     8 | D        | Killed a meat berserker
     9 | D        | Reached XP level 14. HP: 98/158 MP: 14/14
     9 | D        | Noticed a meat berserker
    10 | D        | Noticed a bag of meat
    10 | D        | Noticed a bag of meat
    11 | D        | Noticed a meat berserker
    11 | D        | Noticed a bag of meat
    12 | D        | Killed a meat berserker
    12 | D        | Killed a meat berserker
    12 | D        | Reached *** piety under Trog
    13 | D        | Reached skill level 27 in Fighting
    13 | D        | Reached XP level 15. HP: 109/174 MP: 15/15
    14 | D        | Noticed a meat berserker
    16 | D        | Killed a meat berserker
    17 | D        | Noticed a meat berserker
    19 | D        | Reached **** piety under Trog
    20 | D        | Reached XP level 16. HP: 118/183 MP: 16/16
    20 | D        | Noticed a destroyer
    20 | D        | Noticed a meat berserker
    21 | D        | Killed a meat berserker
    21 | D        | Noticed a meat berserker
    22 | D        | Reached skill level 27 in Dodging
    22 | D        | Noticed a large bag of meat
    22 | D        | Noticed a meat berserker
    22 | D        | Noticed a meat berserker
    23 | D        | Noticed a destroyer
    25 | D        | Reached skill level 27 in Armour
    25 | D        | Killed a meat berserker
    25 | D        | Reached ***** piety under Trog
    25 | D        | Killed a meat berserker
    25 | D        | Noticed a meat berserker
    26 | D        | Reached skill level 27 in Axes
    26 | D        | Reached skill level 15 in Stealth
    26 | D        | Reached skill level 15 in Invocations
    26 | D        | Reached XP level 17. HP: 72/191 MP: 16/28
    26 | D        | Killed a meat berserker
    26 | D        | Noticed a large bag of meat
    27 | D        | Killed a meat berserker
    27 | D        | Received a gift from Trog
    27 | D        | Noticed a large bag of meat
    28 | D        | Reached XP level 18. HP: 76/200 MP: 16/32
    28 | D        | Killed a meat berserker
    28 | D        | Noticed a destroyer
    30 | D        | Killed a large bag of meat
    31 | D        | Reached skill level 27 in Stealth
    31 | D        | Reached skill level 27 in Invocations
    31 | D        | Received a gift from Trog
    31 | D        | Noticed a meat berserker
    31 | D        | Noticed a large bag of meat
    32 | D        | Reached XP level 19. HP: 34/207 MP: 17/36
    32 | D        | Annihilated by a meat berserker

Illustrated notes

Levels and vault maps discovered:
D:        meatsprint

Skill      XL: |  1  2  3  4  5  6  7  8  9 10 11 12 13 14 15 16 17 18 |
---------------+-------------------------------------------------------+-----
Fighting       | 16 20 23 27 | 27.0
Axes           | 23 24 27 | 27.0
Armour         | 15 17 18 21 25 27 | 27.0
Dodging        | 11 15 17 20 25 27 | 27.0
Stealth        | 15 21 27 | 27.0
Invocations    | 15 21 27 | 27.0
Short Blades   | 4 |  4.2
Long Blades    | 4 |  4.7
Maces & Flails | 4 |  4.7
Polearms       | 4 |  4.7
Staves         | 3 |  3.8
Ranged Weapons | 3 |  3.9
Throwing       | 3 |  3.8
Shields        | 4 |  4.7
Unarmed Combat | 4 |  4.7
Evocations     | 4 |  4.2

Action                   |  1- 3 |  4- 6 |  7- 9 | 10-12 | 13-15 | 16-18 | 19-21 || total
-------------------------+-------+-------+-------+-------+-------+-------+-------++-------
Melee: Executioner's axe |     1 |       |       |     1 |     5 |     9 |       ||    16
Invok: Trog's Hand       |       |       |       |       |       |       |     1 ||     1
Dodge: Dodged            |       |       |       |       |     1 |       |       ||     1

Table legend: (Time is in decaauts)
 A = Elapsed time spent in this place.
 B = Non-inter-level travel time spent in this place.
 C = Inter-level travel time spent in this place.
 D = Time resting spent in this place.
 E = Time spent auto-exploring this place.
 F = Levels seen in this place.
 G = Mean time per level.
                   A        B        C        D        E       F      G
               +--------+--------+--------+--------+--------+-----+--------+
         Total |     27 |     27 |      0 |      0 |      0 |   1 |   27.0 |
       Dungeon |     27 |     27 |      0 |      0 |      0 |   1 |   27.0 |
               +--------+--------+--------+--------+--------+-----+--------+

Top non-repeatable levels by time:
       D: 27 daAuts
